 Dungeon Crawl Stone Soup version 0.21-a0-504-g2eda330 (webtiles) character file.

70 slep the Skirmisher (level 4, 0/35 HPs)
             Began as a Demonspawn Monk on Nov 26, 2017.
             Succumbed to a scorpion's poison
             ... on level 2 of the Dungeon.
             The game lasted 00:02:48 (881 turns).

slep the Skirmisher (Demonspawn Monk)                Turns: 881, Time: 00:02:49

Health: 0/35       AC:  2    Str: 17    XL:     4   Next: 4%
Magic:  4/4        EV: 13    Int: 12    God:
Gold:   83         SH:  0    Dex: 15    Spells: 3/3 levels left

rFire    . . .     SeeInvis .   a - +0 spear
rCold    . . .     Gourm    .   (no shield)
rNeg     . . .     Faith    .   b - +0 robe
rPois    .         Spirit   .   (no helmet)
rElec    .         Reflect  .   (no cloak)
rCorr    .         Harm     .   (no gloves)
MR       .....                  (no boots)
Stlth    ++........             (no amulet)
HPRegen  0.11/turn              (no ring)
MPRegen  0.09/turn              (no ring)

@: mighty, lethally poisoned (0 -> -3)
A: hooves 1, demonic guardian 1
a: no special abilities


You were on level 2 of the Dungeon.
You were not hungry.

You visited 1 branch of the dungeon, and saw 2 of its levels.

You collected 83 gold pieces.

Inventory:

Hand Weapons
 a - a +0 spear (weapon)
Armour
 b - a +0 robe (worn)
Scrolls
 d - a scroll of remove curse {unknown}
 e - a scroll of blinking {unknown}
 g - a scroll of amnesia {unknown}
 h - a scroll of enchant weapon {unknown}
 i - a scroll of fear {unknown}
 k - a scroll of identify {unknown}
Potions
 f - a potion of magic
Comestibles
 c - a bread ration


   Skills:
 + Level 3.5 Fighting
 + Level 3.4 Polearms
 + Level 3.2 Dodging
 + Level 2.3 Stealth


You had 3 spell levels left.
You didn't know any spells.

Dungeon Overview and Level Annotations

Branches:
Dungeon (2/15)

Altars:
Kikubaaqudgha
Nemelex Xobeh


Innate Abilities, Weirdness & Mutations

You have large cloven feet.
A weak demonic guardian rushes to your aid.


Message History

You feel stronger.
You have reached level 4!
You feel clever.
Your demonic ancestry asserts itself...
You feel the presence of a demonic guardian.
* * * LOW HITPOINT WARNING * * *
You feel sick.
There is a lethal amount of poison in your body!
There is a lethal amount of poison in your body!
There is a lethal amount of poison in your body!
There is a lethal amount of poison in your body!
There is a lethal amount of poison in your body!
* * * LOW HITPOINT WARNING * * *
You feel sick.
* * * LOW HITPOINT WARNING * * *
You feel sick.
Okay, then.
* * * LOW HITPOINT WARNING * * *
You feel sick.
Found 9 gold pieces.
You die...

# #. #.#..# #.#..# $...#
#..####### ### #.......##
#.. ##..@.....##
####.########...........
#.................)#######
......................####
..........##........_.#Z##
..........##.......†..####
...<......##.#.....#######
.........#..........$..#
#...#...##.##..........#


There were no monsters in sight!

Vanquished Creatures
  A scorpion (D:2)
  A leopard gecko (D:1)
  4 goblins
  3 hobgoblins (D:1)
  4 jackals (D:1)
  A ball python (D:1)
  5 bats
  3 rats (D:1)
22 creatures vanquished.

Vanquished Creatures (others)
  A human (D:2)
1 creature vanquished.

Grand Total: 23 creatures vanquished

Notes
Turn   | Place    | Note
-------+----------+-------------------------------------------
     0 | D:1      | slep the Demonspawn Monk began the quest for the Orb.
     0 | D:1      | Reached XP level 1. HP: 18/18 MP: 1/1
   214 | D:1      | Found a sparkling altar of Nemelex Xobeh.
   340 | D:1      | Gained mutation: You have large cloven feet. [demonic ancestry]
   340 | D:1      | Reached XP level 2. HP: 13/24 MP: 2/2
   836 | D:2      | Found an ancient bone altar of Kikubaaqudgha.
   839 | D:2      | Noticed a human
   841 | D:2      | Killed a human
   845 | D:2      | Noticed a scorpion
   870 | D:2      | Killed a scorpion
   870 | D:2      | Reached XP level 3. HP: 3/29 MP: 3/3
   870 | D:2      | Gained mutation: A weak demonic guardian rushes to your aid. [demonic ancestry]
   870 | D:2      | Reached XP level 4. HP: 4/35 MP: 4/4
   878 | D:2      | HP: 1/35 [poisoned by a scorpion]
   881 | D:2      | Succumbed to a scorpion's poison

Vault maps used:
D:1:      dpeg_arrival_rooms_c, nemelex_xobeh_ov_fountains_minmay
D:2:      eat_drink_and_be_merry_uskayaw, lemuel_round_altar,
          nicolae_overflow_hidden_temple, first_bread, tgw_kikubaaqudgha

Skill      XL: |  1  2 |
---------------+-------+-----
Polearms       | 3 |  3.4
Dodging        | 3 |  3.2
Stealth        | 2 |  2.3
Fighting       | |  3.5

Action                   |  1- 3 |  4- 6 || total
-------------------------+-------+-------++-------
Melee: Spear             |    75 |       ||    75
       Kick              |     7 |       ||     7
  Use: Potion            |     2 |       ||     2
 Stab: Sleeping          |     6 |       ||     6
Armor: Robe              |    11 |       ||    11
Dodge: Dodged            |    48 |       ||    48

Table legend:
 A = Spawn XP
 B = Non-spawn XP
 C = Spawn XP percentage of total XP
 D = Spawn monster count
 E = Non-spawn monster count
 F = Spawn count percentage of total count
 G = Total turns spent on level
                    A         B        C        D         E        F      G
               +---------+---------+-------+---------+---------+-------+---------
         Total |       0 |     101 |   0.0 |       0 |      22 |   0.0 |   881
               +---------+---------+-------+---------+---------+-------+---------
           D:1 |       0 |      31 |   0.0 |       0 |      19 |   0.0 |   824
           D:2 |       0 |      70 |   0.0 |       0 |       3 |   0.0 |    57
               +---------+---------+-------+---------+---------+-------+---------
